 Dungeon Crawl Stone Soup version 0.26-a0-403-g5864c69 (webtiles) character file.

Game seed: 8062545506090363186

627 Cheivey the Shield-Bearer (level 7, 0/60 HPs)
             Began as a Gnoll Fighter on July 23, 2020.
             Was an Initiate of Ru.
             Slain by a wraith (2 damage)
             ... in an ossuary.
             The game lasted 00:09:34 (5412 turns).

Cheivey the Shield-Bearer (Gnoll Fighter)           Turns: 5412, Time: 00:09:34

Health: 0/60       AC: 11    Str: 19 (20) XL:     7   Next: 47%
Magic:  10/10      EV: 11    Int:  8 (10) God:    Ru [......]
Gold:   143        SH:  9    Dex: 11 (15) Spells: 11/11 levels left

rFire    . . .     SeeInvis .   a - +0 morningstar
rCold    . . .     Faith    .   c - +0 kite shield
rNeg     . . .     Spirit   .   b - +1 scale mail
rPois    .         Reflect  .   o - +2 helmet
rElec    .         Harm     .   (no cloak)
rCorr    +                      (no gloves)
MR       .....                  (no boots)
Stlth    ..........             j - amulet of inaccuracy (curse)
HPRegen  0.20/turn              f - ring of resist corrosion
MPRegen  0.12/turn              u - +4 ring of evasion

@: slowed, heavily drained, very slow
A: distributed training, fangs 1, deterioration 1, wild magic 1, no stealth,
strong nose
a: Renounce Religion


You were in an ossuary.
You worshipped Ru.
Ru was noncommittal.
You visited 1 branch of the dungeon, and saw 5 of its levels.
You also visited: Ossuary.

You collected 143 gold pieces.

Inventory:

Hand Weapons
 a - a +0 morningstar (weapon)
 e - a +0 flail of protection
Armour
 b - a +1 scale mail (worn)
 c - a +0 kite shield (worn)
 o - a +2 helmet (worn)
Jewellery
 f - a ring of resist corrosion (left hand)
 j - a cursed amulet of inaccuracy (around neck)
 l - an uncursed ring of protection from fire
 u - a +4 ring of evasion (right hand)
Wands
 w - a wand of paralysis (6)
Scrolls
 m - 5 scrolls of teleportation
 s - a scroll of magic mapping
Potions
 d - 2 potions of might
 g - 3 potions of curing
 h - a potion of haste
 n - a potion of resistance
 p - a potion of cancellation
 r - a potion of stabbing
 v - a potion of brilliance


   Skills:
 + Level 7.0(4.6) Fighting
 + Level 2.5(0.3) Short Blades
 + Level 2.5(0.3) Long Blades
 + Level 5.2(2.9) Axes
 + Level 2.5(0.3) Maces & Flails
 + Level 2.5(0.3) Polearms
 + Level 2.5(0.3) Staves
 + Level 2.5(0.3) Slings
 + Level 2.5(0.3) Bows
 + Level 2.5(0.3) Crossbows
 + Level 2.5(0.3) Throwing
 + Level 7.0(4.6) Armour
 + Level 2.5(0.3) Dodging
   Level 0.0 Stealth
 + Level 7.0(4.6) Shields
 + Level 2.5(0.3) Unarmed Combat
 + Level 2.5(0.3) Spellcasting
 + Level 2.0(0.0) Conjurations
 + Level 2.0(0.0) Hexes
 + Level 2.0(0.0) Summonings
 + Level 2.0(0.0) Necromancy
 + Level 2.0(0.0) Translocations
 + Level 2.0(0.0) Transmutations
 + Level 2.0(0.0) Fire Magic
 + Level 2.0(0.0) Ice Magic
 + Level 2.0(0.0) Air Magic
 + Level 2.0(0.0) Earth Magic
 + Level 2.0(0.0) Poison Magic
 + Level 2.8(0.6) Invocations
 + Level 2.5(0.3) Evocations


You had 11 spell levels left.
You didn't know any spells.
Your spell library was empty.

Dungeon Overview and Level Annotations

Branches:
Dungeon (5/15)             Temple (0/1) D:5         Ossuary (1/1)

Altars:
Ru
Trog

Annotations:
D:5 Dowan, Duvessa


Innate Abilities, Weirdness & Mutations

Your experience applies equally to all skills.
You have very sharp teeth.
You cannot be stealthy.
Your uncanny sense of smell can sniff out nearby items.
Your body sometimes deteriorates upon taking damage.
Your spells are a little harder to cast, but a little more powerful.


Message History

Your body deteriorates!
You feel weakened. The wraith drains your vigour!
You feel as though you will be slow longer.
The wraith hits you but does no damage. You block the wraith's attack.
There is an open door, spattered with blood here.
You closely miss the wraith. You block the wraith's attack.
The wraith hits you!
* * * LOW HITPOINT WARNING * * *
There is an open door, spattered with blood here.
Unknown command.
There is an open door, spattered with blood here.
You closely miss the wraith. The wraith hits you.
* * * LOW HITPOINT WARNING * * *
The wraith drains your vigour!
You feel as though you will be slow longer.
The wraith hits you but does no damage.
There is an open door, spattered with blood here.
Your shield and scale mail prevent you from hitting the wraith.
The wraith hits you.
You die...

#.............#
#.###.....###.#
#.#z#.....# #.#
#.###.....###.#
#.............#
#.............#
#.###.###.###.#
# #.# #.#W#.#
#.+##.###.##@.#
#.............#
######'#######
#.# ###.###
#W▓.▓z# ###.###
#.# #'#


You could see a wraith.

Vanquished Creatures
  Edmund (D:4)
  2 wights (Ossuary)
  A quasit (D:5)
  4 orc priests
  3 hounds (D:4)
  A worker ant (D:4)
  4 adders
  2 oozes
  An adder zombie (Ossuary)
  4 worms
  2 dart slugs (D:1)
  3 leopard geckos
  10 orcs
  5 giant cockroaches
  3 goblins
  3 hobgoblins
  8 jackals
  9 kobolds
  2 quokkas
  3 ball pythons
  A ball python skeleton (Ossuary)
  10 bats
  6 frilled lizards
  2 hobgoblin skeletons (Ossuary)
  3 hobgoblin zombies (Ossuary)
  An orc skeleton (Ossuary)
  2 orc zombies (Ossuary)
  8 rats
104 creatures vanquished.

Notes
Turn   | Place    | Note
-------+----------+-------------------------------------------
     0 | D:1      | Cheivey the Gnoll Fighter began the quest for the Orb.
     0 | D:1      | Reached XP level 1. HP: 23/23 MP: 1/1
   146 | D:1      | Reached XP level 2. HP: 29/29 MP: 2/2
   692 | D:1      | You fall into a shaft and drop 1 floor!
   707 | D:2      | Reached XP level 3. HP: 35/35 MP: 3/3
   731 | D:2      | Found a sacrificial altar of Ru.
   773 | D:2      | Became a worshipper of Ru the Awakened
   817 | D:2      | Reached skill level 1 in Invocations
   910 | D:2      | Reached skill level 1 in Short Blades
   910 | D:2      | Reached skill level 1 in Long Blades
   910 | D:2      | Reached skill level 1 in Maces & Flails
   910 | D:2      | Reached skill level 1 in Polearms
   910 | D:2      | Reached skill level 1 in Staves
   910 | D:2      | Reached skill level 1 in Slings
   910 | D:2      | Reached skill level 1 in Bows
   910 | D:2      | Reached skill level 1 in Crossbows
   910 | D:2      | Reached skill level 1 in Throwing
   910 | D:2      | Reached skill level 1 in Dodging
   910 | D:2      | Reached skill level 1 in Stealth
   910 | D:2      | Reached skill level 1 in Unarmed Combat
   910 | D:2      | Reached skill level 1 in Spellcasting
   910 | D:2      | Reached skill level 1 in Evocations
  1058 | D:2      | Reached XP level 4. HP: 41/41 MP: 5/5
  1730 | D:3      | Reached skill level 1 in Conjurations
  1730 | D:3      | Reached skill level 1 in Hexes
  1730 | D:3      | Reached skill level 1 in Summonings
  1730 | D:3      | Reached skill level 1 in Necromancy
  1730 | D:3      | Reached skill level 1 in Translocations
  1730 | D:3      | Reached skill level 1 in Transmutations
  1730 | D:3      | Reached skill level 1 in Fire Magic
  1730 | D:3      | Reached skill level 1 in Ice Magic
  1730 | D:3      | Reached skill level 1 in Air Magic
  1730 | D:3      | Reached skill level 1 in Earth Magic
  1730 | D:3      | Reached skill level 1 in Poison Magic
  1959 | D:3      | Gained mutation: You cannot be stealthy. [Ru sacrifice]
  2016 | D:3      | Reached XP level 5. HP: 47/47 MP: 6/6
  3105 | D:4      | Noticed a moth of wrath
  3108 | D:4      | Found a bloodstained altar of Trog.
  3291 | D:4      | Reached XP level 6. HP: 37/53 MP: 8/8
  3545 | D:4      | Noticed Edmund
  3553 | D:4      | Reached skill level 5 in Axes
  3570 | D:4      | Killed Edmund
  3897 | D:4      | Reached XP level 7. HP: 53/59 MP: 10/10
  4544 | D:5      | Entered Level 5 of the Dungeon
  4544 | D:5      | Noticed Duvessa
  4546 | D:5      | Noticed Dowan
  4712 | D:5      | Found a staircase to the Ecumenical Temple.
  4730 | D:5      | Found a sand-covered staircase.
  4742 | Ossuary  | Entered an ossuary
  4846 | Ossuary  | Noticed a wraith
  4846 | Ossuary  | Noticed a flying skull
  4877 | Ossuary  | Noticed a flying skull
  4883 | Ossuary  | Noticed a flying skull
  5230 | Ossuary  | Gained mutation: Your body sometimes deteriorates upon
                  | taking damage. [potion of mutation]
  5230 | Ossuary  | Gained mutation: Your spells are a little harder to cast,
                  | but a little more powerful. [potion of mutation]
  5392 | Ossuary  | Noticed a wraith
  5411 | Ossuary  | HP: 2/60 [wraith (5)]
  5412 | Ossuary  | Slain by a wraith

Illustrated notes

Levels and vault maps discovered:
D:1:      erik_arrival_cave_to_civilisation [erik_arrival_cave_to_hall],
          layout_basic
D:2:      layout_rooms, nicolae_ru_path_of_blood
D:3:      layout_loops_corners
D:4:      layout_gridville, minmay_misc_feat_plants, tgw_trog, uniq_edmund
D:5:      layout_rooms, minmay_temple_entry_proselytizer,
          nicolae_ossuary_entry_monument, kennysheep_generic_room_12,
          uniq_grinder, uniq_blork_the_orc, uniq_duvessa
Ossuary:  ossuary_due_cavern

Skill      XL: |  1  2  3  4  5  6  7 |
---------------+----------------------+-----
Invocations    | 1 2 |  2.8
Short Blades   | 1 2 |  2.5
Long Blades    | 1 2 |  2.5
Maces & Flails | 1 2 |  2.5
Polearms       | 1 2 |  2.5
Staves         | 1 2 |  2.5
Slings         | 1 2 |  2.5
Bows           | 1 2 |  2.5
Crossbows      | 1 2 |  2.5
Throwing       | 1 2 |  2.5
Dodging        | 1 2 |  2.5
Stealth        | 1 0 |  0.0
Unarmed Combat | 1 2 |  2.5
Spellcasting   | 1 2 |  2.5
Evocations     | 1 2 |  2.5
Conjurations   | 1 2 |  2.0
Hexes          | 1 2 |  2.0
Summonings     | 1 2 |  2.0
Necromancy     | 1 2 |  2.0
Translocations | 1 2 |  2.0
Transmutations | 1 2 |  2.0
Fire Magic     | 1 2 |  2.0
Ice Magic      | 1 2 |  2.0
Air Magic      | 1 2 |  2.0
Earth Magic    | 1 2 |  2.0
Poison Magic   | 1 2 |  2.0
Axes           | 5 |  5.2
Fighting       | 7 |  7.0
Armour         | 7 |  7.0
Shields        | 7 |  7.0

Action                   |  1- 3 |  4- 6 |  7- 9 || total
-------------------------+-------+-------+-------++-------
Melee: War axe           |    14 |    88 |       ||   102
       Bite              |     8 |    26 |    13 ||    47
       Spear             |   105 |   127 |       ||   232
       Flail             |       |     8 |    17 ||    25
       Morningstar       |       |       |   110 ||   110
Invok: Sacrifice Stealth |       |     1 |       ||     1
  Use: Scroll            |     2 |     9 |     5 ||    16
       Potion            |       |     8 |     4 ||    12
Armor: Scale mail        |    61 |    87 |    47 ||   195
       Skin              |       |     4 |       ||     4
Dodge: Dodged            |    42 |    83 |    81 ||   206
Block: Kite shield       |    84 |   145 |    77 ||   306

Table legend: (Time is in decaauts)
 A = Elapsed time spent in this place.
 B = Non-inter-level travel time spent in this place.
 C = Inter-level travel time spent in this place.
 D = Time resting spent in this place.
 E = Time spent auto-exploring this place.
 F = Levels seen in this place.
 G = Mean time per level.
                   A        B        C        D        E       F      G
               +--------+--------+--------+--------+--------+-----+--------+
         Total |   5544 |   5316 |    228 |   1309 |   3068 |   6 |  924.0 |
       Dungeon |   4808 |   4580 |    228 |   1009 |   2842 |   5 |  961.6 |
       Ossuary |    736 |    736 |      0 |    300 |    226 |   1 |  736.0 |
               +--------+--------+--------+--------+--------+-----+--------+

Top non-repeatable levels by time:
     D:4: 1950 daAuts
     D:3: 1478 daAuts
     D:1: 867 daAuts
 Ossuary: 736 daAuts
     D:2: 467 daAuts
     D:5: 45 daAuts
